 Dungeon Crawl Stone Soup version 0.19-a0-1773-gaa448fe (webtiles) character file.

76 zxpr0jk the Chiller (level 4, 0/33 HPs)
             Began as a Draconian Ice Elementalist on Oct 20, 2016.
             Slain by a gnoll
             ... wielding a +0 halberd
              (9 damage)
             ... on level 3 of the Dungeon.
             The game lasted 00:02:07 (1562 turns).

zxpr0jk the Chiller (Draconian Ice Elementalist)    Turns: 1562, Time: 00:02:07

Health: 0/33       AC:  5    Str: 10    XL:     4   Next: 12%
Magic:  7/8        EV: 12    Int: 16    God:
Gold:   114        SH:  0    Dex: 12    Spells: 1 memorised, 7 levels left

rFire  . . .     SeeInvis .     e - +2 whip (pain)
rCold  + . .     Gourm    .     (armour unavailable)
rNeg   . . .     Faith    .     (no shield)
rPois  .         Spirit   .     (helmet restricted)
rElec  .         Dismiss  .     (no cloak)
rCorr  .         Reflect  .     (no gloves)
MR     .....     Harm     .     (no boots)
Stlth  ++........               (no amulet)
                                (no ring)
                                h - ring of protection from cold

@: no status effects
A: unfitting armour, cold-blooded, AC +5
a: no special abilities


You were on level 3 of the Dungeon.
You were not hungry.

You visited 1 branch of the dungeon, and saw 3 of its levels.

You collected 114 gold pieces.

Inventory:

Hand Weapons
 e - a +2 whip of pain (weapon)
Jewellery
 h - a ring of protection from cold (left hand)
Scrolls
 d - 4 scrolls of remove curse {unknown}
 f - a scroll of blinking {unknown}
 j - a scroll of random uselessness {unknown}
 p - a scroll of teleportation {unknown}
 q - 2 scrolls of identify {unknown}
Potions
 c - a potion of mutation {unknown}
 k - a potion of resistance {unknown}
 l - a potion of beneficial mutation {unknown}
 m - 2 potions of curing {unknown}
 n - a potion of ambrosia {unknown}
 o - a potion of magic {unknown}
 s - a potion of heal wounds {unknown}
 t - 2 potions of lignification {unknown}
Books
 a - a book of Frost

   Spells                             Type                      Level
   a - Freeze                         Ice                          1
   b - Throw Frost                    Conjuration/Ice              2
   c - Ozocubu's Armour               Charms/Ice                   3
   d - Throw Icicle                   Conjuration/Ice              4
   e - Summon Ice Beast               Ice/Summoning                4
Comestibles
 b - 2 bread rations
 g - 3 fruits
 i - a beef jerky
 r - a slice of pizza


   Skills:
 - Level 1.7 Dodging
 - Level 1.7 Stealth
 + Level 2.9 Spellcasting
   Level 1.0 Conjurations
 * Level 4.4 Ice Magic


You had 7 spell levels left.
You knew the following spells:

 Your Spells              Type           Power        Failure   Level  Hunger
a - Freeze                Ice            ###.         3%          1    #......


Dungeon Overview and Level Annotations

Branches:
Dungeon (3/15)

Altars:
Vehumet


Innate Abilities, Weirdness & Mutations

Your plain brown scales are hard. (AC +5)
You cannot fit into any form of body armour.
You are cold-blooded and may be slowed by cold attacks.


Message History

The gnoll hits you from afar with a halberd!
The orc barely misses you.
You hit the orc.
You kill the orc!
The gnoll hits you but does no damage. The gnoll hits you with a halberd!
* * * LOW HITPOINT WARNING * * *
The gnoll closely misses you.
Things that are here:
a short sword; 17 gold pieces
Casting: Freeze
Confirm with . or Enter, or press ? or * to list all spells.
Aiming: Freeze
Press: ? - help, Shift-Dir - straight line, f - gnoll
Aim: a gnoll, wielding a halberd You freeze the gnoll.
The gnoll is heavily wounded.
The gnoll barely misses you.
The gnoll hits you from afar with a halberd!
You die...

.##### ......###
........# ........#
........# #
.......g#############
#
.r.....ggg@.........#
###
......#############.##
..######.## #..#
...... ##.# ..# #.#
.## #.## .# #..# .#
##.## .# #..#


You could see 4 gnolls.

Vanquished Creatures
  3 adders
  A worm (D:2)
  2 dart slugs
  2 leopard geckos
  An orc (D:3)
  A giant cockroach (D:1)
  6 goblins
  4 hobgoblins
  4 kobolds
  9 bats
  3 frilled lizards
  4 rats
40 creatures vanquished.

Vanquished Creatures (others)
  An adder (D:2)
1 creature vanquished.

Grand Total: 41 creatures vanquished

Notes
Turn   | Place    | Note
-------+----------+-------------------------------------------
     0 | D:1      | zxpr0jk the Draconian Ice Elementalist began the quest for the Orb.
     0 | D:1      | Reached XP level 1. HP: 14/14 MP: 3/3
    84 | D:1      | Reached XP level 2. HP: 11/20 MP: 1/5
   367 | D:1      | Reached XP level 3. HP: 26/26 MP: 6/6
   766 | D:2      | Reached skill level 4 in Ice Magic
  1065 | D:2      | Reached XP level 4. HP: 30/33 MP: 8/8
  1245 | D:2      | Found a radiant altar of Vehumet.
  1562 | D:3      | Slain by a gnoll

Vault maps used:
D:1:      lemuel_arrival_river_bridge
D:2:      fiery_altar_vehumet, first_bread
D:3:      nicolae_overflow_quartered_altars, roderic_roman_lattice

Skill      XL: |  1  2  3 |
---------------+----------+-----
Ice Magic      | 4 |  4.4
Dodging        | |  1.7
Stealth        | |  1.7
Spellcasting   | |  2.9
Conjurations   | |  1.0

Action                   |  1- 3 |  4- 6 || total
-------------------------+-------+-------++-------
Melee: Unarmed           |     7 |       ||     7
       Whip              |    91 |    26 ||   117
       Tailslap          |    12 |     3 ||    15
 Cast: Freeze            |    11 |     1 ||    12
 Stab: Sleeping          |     6 |     1 ||     7
  Eat: Chunk             |     1 |     1 ||     2
Armor: Skin              |    34 |    16 ||    50
Dodge: Dodged            |    65 |    16 ||    81
